 Dungeon Crawl Stone Soup version 0.28-a0-474-g535839065c (webtiles) character file.

Game seed: 12191985362963399785

354 Spaninq the Magician (level 6, -2/40 HPs)
             Began as a Djinni Fire Elementalist on Sept 15, 2021.
             Slain by Pikel (3 damage)
             ... on level 4 of the Dungeon.
             The game lasted 00:08:38 (4645 turns).

Spaninq the Magician (Djinni Fire Elementalist)     Turns: 4645, Time: 00:08:40

Health: -2/40      AC:  3    Str:  7    XL:     6   Next: 94%
Gold:   159        EV: 11    Int: 19    God:
                   SH:  0    Dex: 13

rFire   + + .      SeeInvis .   k - +2 dagger (drain)
rCold   x . .      Faith    .   (no shield)
rNeg    . . .      Spirit   .   l - +0 leather armour
rPois   ∞          Reflect  .   (no helmet)
rElec   .          Harm     .   (no cloak)
rCorr   .          Rampage  .   (no gloves)
Will    .....                   (boots unavailable)
Stlth   ++........              (no amulet)
HPRegen 0.13/turn               (no ring)
MPRegen 0.00/turn               (no ring)

@: flying
A: sickness immunity, fire resistance 2, cold vulnerability 1, float, innate
caster, hp casting, extra vitality 1
a: no special abilities


You were on level 4 of the Dungeon.
You visited 1 branch of the dungeon, and saw 4 of its levels.

You collected 159 gold pieces.

Inventory:

Hand Weapons
 k - a +2 dagger of draining (weapon)
Armour
 l - a +0 leather armour (worn)
Jewellery
 f - an amulet of faith
Scrolls
 a - a scroll of magic mapping {unknown}
 b - 3 scrolls of identify {unknown}
 d - a scroll of teleportation {unknown}
 e - a scroll of fog {unknown}
 g - a scroll of fear {unknown}
 h - a scroll of enchant weapon {unknown}
 j - a scroll of silence {unknown}
 m - a scroll of noise {unknown}
 n - a scroll of acquirement {unknown}
Potions
 c - a potion of cancellation {unknown}
 i - a potion of lignification {unknown}


   Skills:
 - Level 2.1 Dodging
 - Level 1.5 Stealth
 + Level 5.6 Spellcasting


You couldn't memorise any spells.
You knew the following spells:

 Your Spells              Type           Power      Damage    Failure   Level
a - Foxfire               Conj/Fire      100%       2x1d9     1%          1
b - Scorch                Fire           52%        2d7       2%          2
c - Conjure Flame         Conj/Fire      26%        6-21      5%          3
d - Inner Flame           Hex/Fire       26%        N/A       5%          3
e - Flame Wave            Conj/Fire      26%        3d6       17%         4
f - Apportation           Tloc           52%        N/A       1%          1
g - Poisonous Vapours     Pois/Air       52%        N/A       2%          2
Your spell library was empty.

Dungeon Overview and Level Annotations

Branches:
Dungeon (4/15)
 Temple: D:4-7

Altars:

Annotations:
D:3 1 runed translucent door, Crazy Yiuf
D:4 Dowan, Duvessa, Pikel


Innate Abilities, Weirdness & Mutations

You are immune to sickness and miasma.
You are immune to poison.
Your flesh is very heat resistant. (rF++)
You are vulnerable to cold. (rC-)
You float through the air rather than walking.
You learn spells naturally, not from books.
Your magical power is your life essence.
You have superior vitality. (+4 HP)


Message History

Pikel is no longer more vulnerable to fire.
Casting: Scorch (safe; 2% risk of failure)
Confirm with . or Enter, or press ? or * to list all spells.
Flames lash Pikel but do no damage.
You hear a shout!
Pikel hits you with a +1 whip of freezing.
Pikel freezes you.
You hear a shout!
Casting: Scorch (safe; 2% risk of failure)
Confirm with . or Enter, or press ? or * to list all spells.
Flames lash Pikel.
Pikel is moderately wounded.
Pikel's fire resistance burns away.
A lemure comes into view.
Pikel hits you with a +1 whip of freezing.
Pikel freezes you.
Casting: Scorch (safe; 2% risk of failure)
Confirm with . or Enter, or press ? or * to list all spells.
Flames lash Pikel.
Pikel is burned terribly!
Pikel is severely wounded.
Pikel hits you with a +1 whip of freezing.
Pikel freezes you.
Casting: Scorch (safe; 2% risk of failure)
Confirm with . or Enter, or press ? or * to list all spells.
Flames lash Pikel.
Pikel is burned terribly!
Pikel is almost dead.
A goblin comes into view. It is wielding a +0 club.
Pikel checks his coin pouch and frowns.
Pikel hits you with a +1 whip of freezing!
* * * LOW HITPOINT WARNING * * *
Pikel freezes you.
* * * LOW HITPOINT WARNING * * *
Casting: Scorch (safe; 2% risk of failure)
Confirm with . or Enter, or press ? or * to list all spells.
Flames lash the lemure.
The lemure is lightly wounded.
The lemure's fire resistance burns away.
* * * LOW HITPOINT WARNING * * *
Pikel hits you with a +1 whip of freezing.
You die...

.5.....# ...5..
...>## ##....
#....# #...# #
#..g########.####
#................
#..55.5K@<...#
#..#######.#.#
##.# ... #.# ...#
#.# ..... #.#
....## ... ....#
... .##.# ...


You could see Pikel (combustible), 3 lemures and a goblin.

Vanquished Creatures
  A sky beast (D:3)
  A phantom (D:3)
  An orc priest (D:3)
  An orc wizard (D:3)
  A hound skeleton (D:3)
  2 adders
  An ufetubus (D:4)
  8 dart slugs (D:3)
  3 orcs
  8 ball pythons
  5 endoplasms
  4 giant cockroaches
  4 goblins
  4 hobgoblins
  6 jackals
  A quokka (D:2)
  15 bats
  3 frilled lizards
  3 kobolds
  10 rats
82 creatures vanquished.

Vanquished Creatures (others)
  105 foxfires
105 creatures vanquished.

Grand Total: 187 creatures vanquished

Notes
Turn   | Place    | Note
-------+----------+-------------------------------------------
     0 | D:1      | Spaninq the Djinni Fire Elementalist began the quest for
                  | the Orb.
     0 | D:1      | Reached XP level 1. HP: 15/15 MP: 0/0
   121 | D:1      | Reached XP level 2. HP: 9/21 MP: 0/0
   212 | D:1      | Reached skill level 3 in Spellcasting
   629 | D:1      | Reached XP level 3. HP: 21/25 MP: 0/0
   629 | D:1      | Learned a level 1 spell: Apportation
  1527 | D:2      | Reached XP level 4. HP: 26/31 MP: 0/0
  2981 | D:3      | Reached skill level 4 in Spellcasting
  2983 | D:3      | Reached XP level 5. HP: 28/35 MP: 0/0
  2983 | D:3      | Learned a level 2 spell: Poisonous Vapours
  3439 | D:3      | Noticed a phantom
  3762 | D:3      | Found a runed translucent door.
  3763 | D:3      | Noticed Crazy Yiuf
  3937 | D:3      | Killed a phantom
  3938 | D:3      | Reached skill level 5 in Spellcasting
  3938 | D:3      | Reached XP level 6. HP: 9/40 MP: 0/0
  4424 | D:4      | Noticed Pikel
  4469 | D:4      | Noticed Dowan
  4469 | D:4      | Noticed Duvessa
  4515 | D:4      | Noticed a sky beast
  4520 | D:3      | Killed a sky beast
  4645 | D:4      | Slain by Pikel

Illustrated notes

Levels and vault maps discovered:
D:1:      wander_arrival_peaceful_grave, layout_rooms, minmay_unequal
D:2:      layout_loops_ring, serial_aquarium, aquarium_bridge_island_small
          [aquarium_subvault_small_water, aquarium_subvault_bridge,
          aquarium_subvault_window, aquarium_subvault_bridge,
          aquarium_subvault_bridge], aquarium_bridge_long_separate
          [aquarium_subvault_bridge, aquarium_subvault_wall,
          aquarium_subvault_wall, aquarium_subvault_wall,
          aquarium_subvault_bridge, aquarium_subvault_bridge],
          aquarium_window_2, aquarium_window_1, aquarium_view_2e,
          aquarium_view_2c, aquarium_balcony_1b, aquarium_pool_side,
          due_unseen_surprise
D:3:      kennysheep_slugbush, layout_basic, st_stairs_8,
          uniq_crazy_yiuf_cottage
D:4:      layout_loops_ring, nicolae_tso_carved_into_rock, uniq_pikel,
          uniq_duvessa

Skill      XL: |  1  2  3  4  5 |
---------------+----------------+-----
Spellcasting   | 3 4 5 |  5.6
Dodging        | |  2.1
Stealth        | |  1.5

Action                   |  1- 3 |  4- 6 || total
-------------------------+-------+-------++-------
Melee: Unarmed           |     1 |       ||     1
       Dagger            |       |     3 ||     3
 Cast: Foxfire           |    42 |    17 ||    59
       Scorch            |    15 |    58 ||    73
       Poisonous Vapours |       |     8 ||     8
  Use: Potion            |       |     1 ||     1
Armor: Robe              |     2 |     1 ||     3
       Leather armour    |       |     5 ||     5
Dodge: Dodged            |    12 |    15 ||    27

Table legend: (Time is in decaauts)
 A = Elapsed time spent in this place.
 B = Non-inter-level travel time spent in this place.
 C = Inter-level travel time spent in this place.
 D = Time resting spent in this place.
 E = Time spent auto-exploring this place.
 F = Levels seen in this place.
 G = Mean time per level.
                   A        B        C        D        E       F      G
               +--------+--------+--------+--------+--------+-----+--------+
         Total |   4648 |   4448 |    200 |   1227 |   2644 |   4 | 1162.0 |
       Dungeon |   4648 |   4448 |    200 |   1227 |   2644 |   4 | 1162.0 |
               +--------+--------+--------+--------+--------+-----+--------+

Top non-repeatable levels by time:
     D:3: 2009 daAuts
     D:2: 1385 daAuts
     D:1: 1191 daAuts
     D:4: 62 daAuts
